 Dungeon Crawl Stone Soup version 0.21-a0-460-g737a915 (webtiles) character file.

5062 slep the Carver (level 10, -7/74 HPs)
             Began as a Demonspawn Monk on Nov 21, 2017.
             Was an Elder of Okawaru.
             Mangled by a centaur warrior (11 damage)
             ... on level 9 of the Dungeon.
             The game lasted 00:51:53 (8340 turns).

slep the Carver (Demonspawn Monk)                   Turns: 8340, Time: 00:51:53

Health: -7/74      AC:  8    Str: 10 (13) XL:     10   Next: 31%
Magic:  0/10       EV: 13    Int: 15 (16) God:    Okawaru [****..]
Gold:   397        SH: 15    Dex: 16 (18) Spells: 9/9 levels left

rFire    . . .     SeeInvis .   a - +1 falchion
rCold    + . .     Gourm    .   p - +3 buckler
rNeg     . . .     Faith    .   d - +0 ring mail
rPois    .         Spirit   +   (helmet restricted)
rElec    .         Reflect  .   r - +0 cloak
rCorr    .         Harm     .   (no gloves)
MR       +....                  e - +0 pair of boots
Stlth    ++........             (no amulet)
HPRegen  0.22/turn              T - +5 ring of intelligence
MPRegen  0.12/turn              C - ring of protection from magic

@: no status effects
A: horns 2, large bone plates 2, cold resistance 1, magic shield
a: Heroism, Renounce Religion


You were on level 9 of the Dungeon.
You worshipped Okawaru.
Okawaru was greatly pleased with you.
You were not hungry.

You visited 2 branches of the dungeon, and saw 10 of its levels.

You collected 511 gold pieces.
You spent 114 gold pieces at shops.

Inventory:

Hand Weapons
 a - a +1 falchion (weapon)
 q - a +0 blowgun
 G - a +0 flail
Missiles
 z - 22 tomahawks (quivered)
 N - 6 javelins of returning
 V - 38 sling bullets
 W - 7 silver tomahawks
Armour
 b - a +0 robe
 d - a +0 ring mail (worn)
 e - a +0 pair of boots (worn)
 p - a +3 buckler (worn)
 r - a +0 cloak (worn)
 w - a +0 helmet
Jewellery
 u - an uncursed ring of flight
 C - a ring of protection from magic (right hand)
 K - an uncursed ring of wizardry
 T - a +5 ring of intelligence (left hand)
Wands
 A - a wand of clouds (8)
 F - a wand of flame (27)
 O - a wand of acid (16)
 P - a wand of random effects (34)
 R - a wand of iceblast (8)
 X - a wand of disintegration (13)
Scrolls
 g - a scroll of blinking
 m - 7 scrolls of identify
 v - 2 scrolls of teleportation
 y - a scroll of amnesia
 B - 2 scrolls of fog
 D - 4 scrolls of remove curse
 E - a scroll of fear {unknown}
 H - 2 scrolls of enchant weapon
Potions
 h - a potion of haste
 i - a potion of might
 k - a potion of agility
 s - a potion of magic
 t - a potion of berserk rage {unknown}
 x - 5 potions of lignification
 J - a potion of flight {unknown}
 Q - a potion of ambrosia {unknown}
Books
 j - a book of Misfortune

   Spells                             Type                      Level
   a - Confusing Touch                Hexes                        1
   b - Confuse                        Hexes                        3
   c - Gell's Gravitas                Translocation                3
   d - Petrify                        Transmutation/Earth          4
   e - Metabolic Englaciation         Hexes/Ice                    5
   f - Yara's Violent Unravelling     Hexes/Transmutation          5
 L - a book of Cantrips

   Spells                             Type                      Level
   a - Confusing Touch                Hexes                        1
   b - Animate Skeleton               Necromancy                   1
   c - Summon Small Mammal            Summoning                    1
   d - Apportation                    Translocation                1
 Z - a book of Necromancy

   Spells                             Type                      Level
   a - Pain                           Necromancy                   1
   b - Animate Skeleton               Necromancy                   1
   c - Vampiric Draining              Necromancy                   3
   d - Regeneration                   Charms/Necromancy            3
   e - Animate Dead                   Necromancy                   4
   f - Control Undead                 Necromancy                   4
Comestibles
 c - 11 bread rations
 f - 8 meat rations
 l - a chunk of flesh
 n - 8 royal jellies
 o - 8 fruits


   Skills:
 + Level 5.5 Fighting
 + Level 8.9 Long Blades
 + Level 0.5 Throwing
 + Level 5.3 Armour
 + Level 5.4 Dodging
 + Level 3.0 Stealth
 + Level 6.6 Shields
 + Level 0.8 Evocations


You had 9 spell levels left.
You didn't know any spells.

Dungeon Overview and Level Annotations

Branches:
Dungeon (9/15)             Temple (1/1) D:7             Orc (0/2) D:9
   Lair: D:8-11

Altars:
Cheibriados
Dithmenos
Elyvilon
Fedhas
Gozag
Kikubaaqudgha
Nemelex Xobeh
Okawaru
Qazlal
Ru
Trog
Uskayaw
Vehumet
Wu Jian
Xom
Yredelemnul
Zin

Shops:
D:5 ?   D:6 [   D:7 *


Innate Abilities, Weirdness & Mutations

You have a pair of horns on your head.
You are mostly covered in large bone plates. (SH +6)
Your flesh is cold resistant. (rC+)
When hurt, damage is shared between your health and your magic reserves.


Message History

You block the centaur warrior's attack.
You hit the centaur warrior.
You headbutt the centaur warrior, but do no damage.
The centaur warrior is heavily wounded.
You block the centaur warrior's attack. The centaur warrior barely misses you.
You riposte.
You hit the centaur warrior.
The centaur warrior is severely wounded.
You hit the centaur warrior.
You headbutt the centaur warrior, but do no damage.
The centaur warrior is severely wounded.
The centaur warrior hits you but does no damage.
You hit the centaur warrior.
The centaur warrior is severely wounded.
You block the centaur warrior's attack. The centaur warrior hits you!
* * * LOW HITPOINT WARNING * * *
You hit the centaur warrior but do no damage.
You headbutt the centaur warrior.
The centaur warrior is almost dead.
The centaur warrior hits you!
You die...

.#..# .#..# #####'###
.#..# ........# .#..#
#.......# .#..#
#.......# ....#
#.......# ....#
##.......# ....#
###...c....# .#..#
#####....@##### .#..#
#......8(.....# ....#
#......(......# # ....#
##.............#.#
....###................#
....##..8.....>.....8..#
.#....................##
.#.>...#.............##
.#.....#.............#


You could see a centaur warrior.

Vanquished Creatures
  Joseph (D:8)
  A hippogriff (D:8)
  3 hungry ghosts
  4 ice beasts
  A hornet zombie (D:7)
  3 phantoms
  6 ogres
  5 centaurs
  A gnoll sergeant (D:8)
  4 bullfrogs
  A wyvern zombie (D:7)
  6 scorpions
  A troll zombie (D:9)
  5 killer bees (D:7)
  6 howler monkeys
  A crimson imp (D:8)
  3 centaur zombies
  A bullfrog zombie (D:8)
  3 hounds
  A bullfrog skeleton (D:3)
  4 orc priests
  Crazy Yiuf (D:2)
  4 orc wizards
  A centaur skeleton (D:8)
  Terence (D:2)
  4 iguanas
  3 worker ants
  Natasha (thrice) (D:3)
  7 ogre zombies (D:9)
  A hound zombie (D:5)
  2 hound skeletons
  A howler monkey zombie (D:6)
  Robin (D:2)
  16 gnolls
  6 adders
  3 shadow imps
  2 oozes
  3 adder skeletons (D:5)
  5 leopard geckos
  20 orcs
  4 bats
  3 giant cockroaches
  12 goblins
  7 hobgoblins
  2 quokkas
  2 frilled lizards (D:1)
  2 goblin skeletons (D:9)
  3 goblin zombies (D:9)
  4 hobgoblin zombies (D:9)
  A jackal skeleton (D:4)
  4 kobolds
  2 orc skeletons (D:9)
  14 orc zombies (D:9)
  A quokka skeleton (D:8)
  A quokka zombie (D:6)
  4 rats
211 creatures vanquished.

Notes
Turn   | Place    | Note
-------+----------+-------------------------------------------
     0 | D:1      | slep the Demonspawn Monk began the quest for the Orb.
     0 | D:1      | Reached XP level 1. HP: 18/18 MP: 1/1
   137 | D:1      | Gained mutation: You are partially covered in large bone plates. (SH +4) [demonic ancestry]
   137 | D:1      | Reached XP level 2. HP: 10/24 MP: 2/2
   323 | D:1      | Reached skill level 3 in Long Blades
   562 | D:2      | Found a runed door.
   594 | D:2      | Reached XP level 3. HP: 24/29 MP: 3/3
   693 | D:2      | Found a faded altar of an unknown god.
   943 | D:2      | Noticed Robin
   953 | D:2      | Killed Robin
   991 | D:2      | Noticed Terence
  1020 | D:2      | Killed Terence
  1020 | D:2      | Reached skill level 1 in Armour
  1020 | D:2      | Gained mutation: When hurt, damage is shared between your health and your magic reserves. [demonic ancestry]
  1020 | D:2      | Reached XP level 4. HP: 22/35 MP: 4/4
  1440 | D:3      | Noticed Natasha
  1450 | D:3      | Killed Natasha
  1488 | D:3      | Noticed Natasha
  1526 | D:4      | Gained mutation: You are mostly covered in large bone plates. (SH +6) [demonic ancestry]
  1526 | D:4      | Reached XP level 5. HP: 25/41 MP: 3/5
  1568 | D:4      | Noticed an ogre
  1612 | D:4      | Killed an ogre
  1612 | D:4      | Reached skill level 4 in Long Blades
  1612 | D:4      | Reached skill level 1 in Shields
  1665 | D:4      | Gained mutation: You have a pair of small horns on your head. [demonic ancestry]
  1665 | D:4      | Reached XP level 6. HP: 34/48 MP: 4/6
  2215 | D:4      | Reached skill level 5 in Long Blades
  2215 | D:4      | Gained mutation: Your flesh is cold resistant. (rC+) [demonic ancestry]
  2215 | D:4      | Reached XP level 7. HP: 48/54 MP: 5/7
  2886 | D:5      | Entered Level 5 of the Dungeon
  3090 | D:5      | Found Delut's Magic Scroll Shoppe.
  3098 | D:5      | Bought a scroll of remove curse for 33 gold pieces
  3274 | D:5      | Found a blossoming altar of Fedhas.
  3274 | D:5      | Found a stormy altar of Qazlal.
  3281 | D:5      | Found an ancient bone altar of Kikubaaqudgha.
  3474 | D:5      | Reached skill level 6 in Long Blades
  3655 | D:6      | Reached XP level 8. HP: 19/61 MP: 3/8
  3702 | D:6      | Found a hide-covered altar of Uskayaw.
  4265 | D:6      | Found Iclamat's Armour Shop.
  4855 | D:2      | Noticed Crazy Yiuf
  4865 | D:2      | Killed Crazy Yiuf
  5032 | D:3      | Killed Natasha
  5141 | D:3      | Noticed Natasha
  5159 | D:3      | Killed Natasha
  5764 | D:7      | Found a staircase to the Ecumenical Temple.
  5773 | Temple   | Entered the Ecumenical Temple
  5787 | Temple   | Became a worshipper of Warmaster Okawaru
  5787 | Temple   | Reached * piety under Okawaru
  5787 | Temple   | Reached ** piety under Okawaru
  6122 | D:7      | HP: 3/61 [killer bee (6)]
  6123 | D:7      | Found Magug's Assorted Antiques.
  6131 | D:7      | Bought a scroll labeled VUINEA YBAS for 28 gold pieces
  6131 | D:7      | Bought an inky potion for 25 gold pieces
  6131 | D:7      | Bought a scroll labeled IHEASA ZIRANK for 28 gold pieces
  6307 | D:7      | HP: 2/61 [killer bee (4)]
  6314 | D:7      | Reached XP level 9. HP: 16/67 MP: 1/9
  6485 | D:7      | Reached skill level 7 in Long Blades
  6485 | D:7      | Reached skill level 5 in Shields
  6531 | D:7      | Reached skill level 5 in Fighting
  6747 | D:8      | Reached *** piety under Okawaru
  6798 | D:8      | Reached skill level 5 in Armour
  7256 | D:8      | Noticed Joseph
  7322 | D:8      | Killed Joseph
  7322 | D:8      | Reached **** piety under Okawaru
  7322 | D:8      | Reached skill level 8 in Long Blades
  7322 | D:8      | Reached skill level 5 in Dodging
  7387 | D:8      | Received a gift from Okawaru
  7514 | D:8      | Gained mutation: You have a pair of horns on your head. [demonic ancestry]
  7514 | D:8      | Reached XP level 10. HP: 72/74 MP: 10/10
  7720 | D:9      | Noticed a two-headed ogre
  8039 | D:9      | Found a staircase to the Orcish Mines.
  8312 | D:9      | Noticed a centaur warrior
  8340 | D:9      | Mangled by a centaur warrior

Vault maps used:
D:1:      mrwooster_arrival_statue_2, minmay_misc_feat_room, wad_floor_pattern_2
D:2:      chequers_ecumenical_altar_simple_redux, uniq_robin, uniq_terence,
          uniq_crazy_yiuf_cottage
D:3:      first_bread, fountainhead, uniq_natasha
D:4:      minmay_crystal_water, serial_bayou_pond_d, chequers_big_river
D:5:      gammafunk_temple_overflow_forgotten, serial_shops, shop
D:6:      eat_drink_and_be_merry_uskayaw, serial_shops, shop
D:7:      minmay_temple_entry_statues_fountains, serial_shops,
          nicolae_shop_window_shopping, grunt_ogre_cave
D:8:      uniq_joseph
D:9:      zombieorc2_lemuel
Temple:   compressed_dpeg_circular_temple

Skill      XL: |  1  2  3  4  5  6  7  8  9 10 |
---------------+-------------------------------+-----
Dodging        | 3 4 5 |  5.4
Long Blades    | 3 4 5 6 8 |  8.9
Armour         | 1 2 4 5 |  5.3
Shields        | 1 2 3 4 6 |  6.6
Stealth        | 2 3 |  3.0
Fighting       | 4 5 |  5.5
Throwing       | |  0.5
Evocations     | |  0.8

Action                   |  1- 3 |  4- 6 |  7- 9 | 10-12 || total
-------------------------+-------+-------+-------+-------++-------
Melee: Falchion          |   153 |   122 |   622 |   258 ||  1155
       Headbutt          |       |     9 |   155 |    60 ||   224
Throw: Tomahawk          |       |     2 |     6 |     4 ||    12
Evoke: Wand              |       |       |     2 |     2 ||     4
  Use: Scroll            |       |     6 |     3 |     4 ||    13
       Potion            |       |     2 |     5 |     4 ||    11
 Stab: Sleeping          |       |       |     4 |       ||     4
       Distracted        |       |       |       |     1 ||     1
  Eat: Chunk             |     1 |     4 |    17 |     8 ||    30
       Fruit             |       |       |       |     1 ||     1
Armor: Ring mail         |    38 |    16 |    84 |    34 ||   172
Dodge: Dodged            |    74 |    45 |   242 |    70 ||   431
Block: Other             |    11 |       |       |       ||    11
       Buckler           |    30 |    62 |   423 |   153 ||   668
       Rpst.: Falchion   |    28 |    18 |    73 |    29 ||   148

Table legend:
 A = Spawn XP
 B = Non-spawn XP
 C = Spawn XP percentage of total XP
 D = Spawn monster count
 E = Non-spawn monster count
 F = Spawn count percentage of total count
 G = Total turns spent on level
                    A         B        C        D         E        F      G
               +---------+---------+-------+---------+---------+-------+---------
         Total |       0 |    7232 |   0.0 |       0 |     211 |   0.0 |  8340
               +---------+---------+-------+---------+---------+-------+---------
           D:1 |       0 |      34 |   0.0 |       0 |      18 |   0.0 |   517
           D:2 |       0 |     125 |   0.0 |       0 |      21 |   0.0 |   856
           D:3 |       0 |     213 |   0.0 |       0 |      12 |   0.0 |   904
           D:4 |       0 |     743 |   0.0 |       0 |      20 |   0.0 |  1231
           D:5 |       0 |     453 |   0.0 |       0 |      19 |   0.0 |   875
           D:6 |       0 |     533 |   0.0 |       0 |      22 |   0.0 |  1091
           D:7 |       0 |    1121 |   0.0 |       0 |      19 |   0.0 |   925
           D:8 |       0 |    2757 |   0.0 |       0 |      32 |   0.0 |   969
           D:9 |       0 |    1142 |   0.0 |       0 |      43 |   0.0 |   654
        Temple |       0 |     111 |   0.0 |       0 |       5 |   0.0 |   318
               +---------+---------+-------+---------+---------+-------+---------
